 Dungeon Crawl Stone Soup version 0.29.0-5-ge4962eb29e (webtiles) character file.

Game seed: 3232504155869644408

1074 greasedhog the Cudgeller (level 8, -2/50 HPs)
             Began as a Gargoyle Fighter on Aug 29, 2022.
             Slain by an iguana (8 damage)
             ... on level 5 of the Dungeon on Aug 30, 2022.
             The game lasted 00:06:52 (4837 turns).

greasedhog the Cudgeller (Gargoyle Fighter)         Turns: 4837, Time: 00:06:52

Health: -2/50      AC: 16    Str: 26    XL:     8   Next: 29%
Magic:  8/8        EV:  8    Int:  9    God:
Gold:   164        SH:  4    Dex: 11    Spells: 7/7 levels left

rFire   . . .      SeeInvis .   l - +0 morningstar
rCold   . . .      Faith    .   c - +0 buckler
rNeg    + . .      Spirit   .   r - +0 chain mail
rPois   ∞          Reflect  .   (no helmet)
rElec   +          Harm     .   (no cloak)
rCorr   .          Rampage  .   g - +0 pair of gloves
Will    .....                   (no boots)
Stlth   ..........              (no amulet)
HPRegen 0.16/turn               f - +6 ring of strength
MPRegen 0.11/turn               (no ring)

@: no status effects
A: sickness immunity, AC +5, negative energy resistance 1, electricity
resistance, torment resistance 1, petrification resistance
a: no special abilities


You were on level 5 of the Dungeon.
You visited 1 branch of the dungeon, and saw 5 of its levels.

You collected 164 gold pieces.

Inventory:

Hand Weapons
 l - a +0 morningstar (weapon)
Missiles
 a - a boomerang of dispersal
 i - 6 boomerangs (quivered)
 s - 7 poisoned darts
Armour
 c - a +0 buckler (worn)
 g - a +0 pair of gloves (worn)
 r - a +0 chain mail (worn)
Jewellery
 f - a +6 ring of strength (left hand)
 t - a +6 ring of dexterity
Wands
 d - a wand of roots (6)
 o - a wand of mindburst (10)
Scrolls
 e - 3 scrolls of teleportation {unknown}
 k - 2 scrolls of immolation
 m - 2 scrolls of blinking
 p - a scroll of silence {unknown}
 u - a scroll of poison {unknown}
 w - a scroll of butterflies {unknown}
Potions
 b - a potion of haste {unknown}
 h - 4 potions of curing {unknown}
 j - a potion of lignification {unknown}
 n - a potion of berserk rage {unknown}
 q - 2 potions of flight {unknown}
 v - a potion of heal wounds {unknown}


   Skills:
 - Level 5.4 Fighting
 * Level 6.9 Maces & Flails
 - Level 5.0 Armour
 - Level 3.2 Shields
 * Level 3.5 Evocations


You had 7 spell levels left.
You didn't know any spells.
Your spell library contained the following spells:

 Spells                   Type           Power      Damage    Failure   Level
 Sandblast                Erth           0%         2d4       97%         1
 Ensorcelled Hibernation  Hex/Ice        0%         N/A       99%         2
 Passwall                 Tmut/Erth      0%         N/A       99%         2
 Dazzling Flash           Conj/Hex       0%         N/A       100%        3
 Stone Arrow              Conj/Erth      0%         3d7       100%        3
 Swiftness                Air            0%         N/A       100%        3
 Agony                    Necr           0%         N/A       100%        5
 Iskenderun's Battlesphe  Conj           0%         2d6       100%        5
 Silence                  Hex/Air        0%         N/A       100%        5
 Iron Shot                Conj/Erth      0%         9d1       100%        6
 Spellforged Servitor     Conj/Summ      0%         N/A       100%        7


Dungeon Overview and Level Annotations

Branches:
Dungeon (5/15)
 Temple: D:4-7

Altars:
Dithmenos


Innate Abilities, Weirdness & Mutations

You are immune to sickness and miasma.
Your stone body is resilient. (AC +5)
You are immune to poison.
You resist negative energy. (rN+)
You are resistant to electric shocks. (rElec)
You are resistant to unholy torment.
You are immune to petrification.


Message History

* * * LOW HITPOINT WARNING * * *
You puncture the phantom!
The phantom is moderately damaged.
The phantom hits you but does no damage.
You sock the phantom!
The phantom is almost destroyed.
The phantom barely misses you.
You barely miss the phantom.
The phantom is almost destroyed.
The phantom hits you but does no damage.
The phantom closely misses you.
You barely miss the phantom.
The phantom is almost destroyed.
The phantom hits you but does no damage.
You sock the phantom!
You destroy the phantom!
You barely miss the iguana. The iguana closely misses you.
You closely miss the iguana. The iguana closely misses you.
You hit the iguana.
The iguana is lightly wounded.
You block the iguana's attack.
You hit the iguana but do no damage.
The iguana is lightly wounded.
The iguana bites you. The iguana closely misses you.
You hit the iguana.
The iguana is lightly wounded.
The iguana bites you.
You barely miss the iguana.
The iguana is lightly wounded.
The iguana bites you!
* * * LOW HITPOINT WARNING * * *
You puncture the iguana!
The iguana is almost dead.
The iguana bites you.
* * * LOW HITPOINT WARNING * * *
You barely miss the iguana.
The iguana is almost dead.
The iguana bites you but does no damage.
The iguana bites you!
You die...

....... #......##....
.......######### #............
.......).......#######.........
##########...........'.........
#.###.#######......... #.#
#.#.....#......... #.#
#.#.###.#......... #.#
#l#.#<#.#......... #.#
#@#.#.#.#......... #.#
#.#...#.#......... #.#
#.#####.#......... #.#
#.......#.........
#.###########.....###)
#...............### #.
################# #. #. #.


You could see an iguana.

Vanquished Creatures
  Sigmund (D:2)
  An ice beast (D:5)
  A black bear (D:4)
  An ogre (D:4)
  2 phantoms
  A scorpion (D:5)
  An orc priest (D:5)
  A gnoll bouda (D:4)
  2 iguanas
  7 orc wizards
  A gnoll (D:4)
  3 adders
  2 white imps (D:5)
  An ufetubus (D:4)
  3 worms
  A dart slug (D:4)
  16 orcs
  8 ball pythons
  5 endoplasms
  3 giant cockroaches
  9 goblins
  6 hobgoblins
  A jackal (D:3)
  6 quokkas
  3 bats
  3 frilled lizards (D:1)
  4 kobolds
  6 rats
99 creatures vanquished.

Notes
Turn   | Place    | Note
-------+----------+-------------------------------------------
     0 | D:1      | greasedhog the Gargoyle Fighter began the quest for the
                  | Orb.
     0 | D:1      | Reached XP level 1. HP: 14/14 MP: 1/1
   194 | D:1      | Reached XP level 2. HP: 19/19 MP: 2/2
   834 | D:1      | Found a faded altar of an unknown god.
   847 | D:1      | Reached XP level 3. HP: 15/24 MP: 3/3
  1310 | D:2      | Noticed Sigmund
  1320 | D:2      | Reached skill level 3 in Maces & Flails
  1324 | D:2      | Killed Sigmund
  1325 | D:2      | Reached skill level 5 in Fighting
  1325 | D:2      | Reached skill level 4 in Maces & Flails
  1325 | D:2      | Reached XP level 4. HP: 20/31 MP: 4/4
  1325 | D:2      | Reached XP level 5. HP: 23/35 MP: 5/5
  2457 | D:3      | Reached XP level 6. HP: 31/40 MP: 6/6
  2846 | D:4      | Reached skill level 5 in Maces & Flails
  2867 | D:4      | Reached XP level 7. HP: 29/44 MP: 7/7
  3409 | D:4      | Reached skill level 5 in Armour
  3505 | D:4      | Found a shadowy altar of Dithmenos.
  3754 | D:4      | Found a shadowy altar of Dithmenos.
  3863 | D:4      | Reached skill level 1 in Evocations
  4267 | D:4      | Reached skill level 6 in Maces & Flails
  4385 | D:5      | Entered Level 5 of the Dungeon
  4603 | D:5      | Reached XP level 8. HP: 50/50 MP: 8/8
  4837 | D:5      | Slain by an iguana

Illustrated notes

Levels and vault maps discovered:
D:1:      amcnicky_arrival_double_pillar, layout_rooms,
          shapermc_ecumenical_altar_notcrosses, grunt_decor_arrowhead,
          grunt_decor_cap
D:2:      layout_loops_ring, nicolae_figureground_pulse, uniq_sigmund
D:3:      layout_loops_corners, st_stairs_2
D:4:      layout_basic, nicolae_dithmenos_shadow_blocks, minmay_ruined_shrine
D:5:      layout_basic, gammafunk_temple_overflow_elements,
          minmay_temple_entry_butterflies, serial_shops, shop_fountains,
          nicolae_shop_clearance

Skill      XL: |  1  2  3  4  5  6  7  8 |
---------------+-------------------------+-----
Fighting       | 5 |  5.4
Maces & Flails | 4 5 6 |  6.9
Armour         | 4 5 |  5.0
Evocations     | 2 3 |  3.5
Shields        | |  3.2

Action                   |  1- 3 |  4- 6 |  7- 9 || total
-------------------------+-------+-------+-------++-------
Melee: Flail             |    95 |    27 |       ||   122
       Morningstar       |       |    50 |   170 ||   220
Evoke: Wand              |       |     3 |     2 ||     5
  Use: Scroll            |     2 |     2 |       ||     4
       Potion            |     1 |       |       ||     1
Armor: Scale mail        |    58 |    16 |       ||    74
       Chain mail        |       |    27 |   135 ||   162
Dodge: Dodged            |    54 |    29 |    52 ||   135
Block: Buckler           |    10 |    22 |    34 ||    66
